 Dungeon Crawl Stone Soup version 0.14.0-26-g1682e81 (webtiles) character file.

804 Heini the Covered (level 7, -8/61 HPs)
             Began as a Hill Orc Fighter on Apr 27, 2014.
             Was an Initiate of Okawaru.
             Mangled by Elizilla's ghost (20 damage)
             ... on Level 5 of the Dungeon.
             The game lasted 00:09:44 (3689 turns).

Heini the Covered (Hill Orc Fighter)                Turns: 3689, Time: 00:09:45

HP  -8/61        AC  9     Str 21      XL: 7   Next: 30%
MP   7/7         EV  6     Int  8      God: Okawaru [......]
Gold 249         SH 18     Dex 10      Spells:  0 memorised,  6 levels left

rFire  . . .     SeeInvis .     a - +1,+0 war axe
rCold  . . .     Clarity  .     b - +1 scale mail
rNeg   . . .     Conserve .     c - +0 shield
rPois  .         rCorr    .     (no helmet)
rElec  .         rRot     .     l - +0 cloak (curse)
SustAb . .       Spirit   .     (no gloves)
rMut   .         Warding  .     (no boots)
Saprov + . .     Stasis   .     (no amulet)
MR     .....                    (no ring)
                                (no ring)

@: slowed, drained, very slow, not resistant to hostile enchantments, extremely
unstealthy
A: saprovore 1
a: Renounce Religion


You were on level 5 of the Dungeon.
You worshipped Okawaru.
Okawaru was noncommittal.
You were very hungry.

You visited 2 branches of the dungeon, and saw 6 of its levels.

You collected 249 gold pieces.

Inventory:

Hand weapons
 a - a +1,+0 war axe (weapon)
Armour
 b - a +1 scale mail (worn)
 c - a +0 shield (worn)
 l - a cursed +0 cloak (worn)
Comestibles
 d - 2 meat rations
 i - 2 apples
 t - 18 strawberries
 w - 4 bread rations
Scrolls
 f - 4 scrolls of enchant weapon I
 q - 3 scrolls of remove curse
 u - 2 scrolls of identify
 y - a scroll of fear {unknown}
Jewellery
 g - an uncursed ring of regeneration {unknown}
 h - an uncursed ring of magical power {unknown}
Potions
 e - 2 potions of lignification
 j - a potion of flight
 k - 3 potions of curing
 m - a potion of agility {unknown}
 n - a potion of mutation {unknown}
 o - 2 potions of restore abilities
 r - a potion of poison {unknown}
 s - a potion of degeneration {unknown}


   Skills:
 * Level 5.5(5.3) Fighting
 * Level 6.1(5.9) Axes
 * Level 6.4(6.2) Armour
 - Level 3.5(3.3) Shields


You had 6 spell levels left.
You didn't know any spells.

Dungeon Overview and Level Annotations

Branches:
Dungeon (5/15)             Temple (1/1) D:5

Altars:
Ashenzari
Cheibriados
Dithmenos
Elyvilon
Fedhas
Kikubaaqudgha
Makhleb
Nemelex Xobeh
Okawaru
Sif Muna
Trog
Vehumet
Xom
Yredelemnul
Zin
The Shining One

Annotations:
D:5 Elizilla's ghost, experienced TrMo; Natasha


Innate Abilities, Weirdness & Mutations

You can tolerate rotten meat.


Message History

You closely miss Elizilla's ghost.
You are feeling very hungry.
You block Elizilla's ghost's attack.
Natasha gestures.
Suddenly you are surrounded with a pale green light.
Natasha stares at you and mumbles some strange words.
You feel yourself slow down.
The crimson imp blinks!
Elizilla's ghost hits you!
You barely miss Elizilla's ghost. You block Elizilla's ghost's attack.
Elizilla's ghost hits you.
You closely miss Elizilla's ghost. Elizilla's ghost hits you!
* * * LOW HITPOINT WARNING * * *
You block Elizilla's ghost's attack.
You hit Elizilla's ghost.
Elizilla's ghost is lightly damaged.
Natasha casts a spell.
You block Elizilla's ghost's attack. Elizilla's ghost hits you.
* * * LOW HITPOINT WARNING * * *
You are electrocuted!
You die...

....# #...#
#...#### #.>....
[. #.5..###....
#...........
###§###....
#####5# #..@ph#
##.####### #..#
#.. #.## #.# #.#
#.# #.# ###.###
#.# #######
#.#####⌠.⌠########
#.....'.>.#......#


You could see Natasha, Elizilla's ghost and a shadow imp.

Vanquished Creatures
  A black bear (D:4)
  An ogre (D:4)
  A crimson imp (D:5)
  A hound (D:4)
  Crazy Yiuf (D:5)
  An iguana (D:4)
  Ijyb (D:2)
  8 gnolls (D:2)
  7 adders
  2 shadow imps (D:5)
  A worm (D:4)
  A giant eyeball (D:4)
  2 giant geckos (D:1)
  An ooze (D:5)
  6 orcs
  5 giant cockroaches (D:1)
  5 hobgoblins
  3 jackals (D:2)
  11 kobolds
  3 quokkas
  5 ball pythons
  9 bats
  5 giant newts
  13 goblins
  9 rats
103 creatures vanquished.

Vanquished Creatures (others)
  A plant (D:2)
1 creature vanquished.

Grand Total: 104 creatures vanquished

Notes
Turn   | Place    | Note
--------------------------------------------------------------
     0 | D:1      | Heini, the Hill Orc Fighter, began the quest for the Orb.
     0 | D:1      | Reached XP level 1. HP: 19/19 MP: 1/1
   187 | D:1      | Reached XP level 2. HP: 21/27 MP: 2/2
   446 | D:1      | Reached skill level 4 in Armour
   446 | D:1      | Reached XP level 3. HP: 33/33 MP: 3/3
   828 | D:2      | Reached XP level 4. HP: 13/40 MP: 4/4
  1155 | D:2      | Noticed Ijyb
  1195 | D:2      | Reached XP level 5. HP: 42/47 MP: 5/5
  1498 | D:2      | Killed Ijyb
  1786 | D:3      | Reached skill level 5 in Fighting
  2280 | D:4      | Reached skill level 5 in Armour
  2418 | D:4      | Reached XP level 6. HP: 54/56 MP: 6/6
  2419 | D:4      | Noticed a black bear
  2443 | D:4      | Reached skill level 5 in Axes
  2451 | D:4      | HP: 2/56 [black bear (1)]
  2456 | D:4      | HP: 1/56 [black bear (3)]
  2457 | D:4      | Killed a black bear
  2966 | D:4      | Paralysed by a giant eyeball for 3 turns
  2993 | D:4      | Noticed an ogre
  3000 | D:4      | Killed an ogre
  3000 | D:4      | Reached skill level 6 in Armour
  3000 | D:4      | Reached XP level 7. HP: 41/61 MP: 7/7
  3142 | D:5      | Entered Level 5 of the Dungeon
  3297 | D:5      | Noticed Crazy Yiuf
  3307 | D:5      | Killed Crazy Yiuf
  3501 | D:5      | Found a staircase to the Ecumenical Temple.
  3506 | Temple   | Entered the Ecumenical Temple
  3550 | Temple   | Became a worshipper of Warmaster Okawaru
  3661 | D:5      | Noticed Natasha
  3678 | D:5      | Noticed Elizilla's ghost (experienced TrMo)
  3689 | D:5      | Mangled by Elizilla's ghost

Action                   |  1- 3 |  4- 6 |  7- 9 || total
-------------------------+-------+-------+-------++-------
Melee: War axe           |   105 |   205 |    56 ||   366
  Use: Potion            |     2 |     2 |       ||     4
       Scroll            |       |    12 |       ||    12
